 Dungeon Crawl Stone Soup version bcrawl-1.40.3b (webtiles) character file.

Game seed: 1427896491083849792

214626 Finalfun the Sneak (level 6, -8/47 HPs)
             Began as a Gnoll Archaeologist on Mar 22, 2024.
             Mangled by Menkaure (12 damage)
             ... on level 4 of the Dungeon.
             The game lasted 00:06:09 (2839 turns).

Finalfun the Sneak (Gnoll Archaeologist)            Turns: 2839, Time: 00:06:09

Health: -8/47      AC:  8    Str: 15    XL:     6   Next: 95%
Magic:  9/9        EV: 13    Int: 17    God:
Gold:   205        SH:  0    Dex: 13    Spells: 5/9 levels left

rFire    . . .     GDR:     26% a - +0 dagger (venom)
rCold    . . .     SeeInvis .   (no shield)
rNeg     . . .     Gourm    .   l - +0 ring mail
rPois    .         Faith    .   d - +1 hat
rElec    .         Spirit   .   (no cloak)
rCorr    .         Reflect  .   (no gloves)
MR       .....                  r - +1 pair of boots
Stlth    +++.......             (no amulet)
HPRegen  0.17/turn              (no ring)
MPRegen  0.11/turn              (no ring)

@: very slightly contaminated, lightly drained, invisible
A: distributed training, fangs 1, strong nose
a: no special abilities


You were on level 4 of the Dungeon.
You were hungry.

You visited 1 branch of the dungeon, and saw 4 of its levels.

You collected 205 gold pieces.

Inventory:

Hand Weapons
 a - a +0 dagger of venom (weapon)
 b - a +0 blowgun
 n - a cursed -2 whip
Missiles
 f - 6 curare-tipped needles
 m - 901 stones (quivered)
Armour
 d - a +1 hat (worn)
 l - a +0 ring mail (worn)
 r - a +1 pair of boots (worn)
Jewellery
 q - an uncursed ring of protection from magic {unknown}
 t - an uncursed ring of magical power {unknown}
Wands
 h - a wand of flame (23)
Scrolls
 c - a scroll of immolation {unknown}
 g - a scroll of revelation
 j - a scroll of fog {unknown}
 k - a scroll of teleportation {unknown}
 p - 2 scrolls of remove curse {unknown}
Comestibles
 e - 7 rations {!d}


   Skills:
 + Level 3.3(2.8) Fighting
 + Level 2.1(1.6) Short Blades
 + Level 2.1(1.6) Long Blades
 + Level 2.1(1.6) Axes
 + Level 3.3(2.8) Maces & Flails
 + Level 2.1(1.6) Polearms
 + Level 2.1(1.6) Staves
 + Level 2.1(1.6) Slings
 + Level 2.1(1.6) Bows
 + Level 2.1(1.6) Crossbows
 + Level 2.1(1.6) Throwing
 + Level 2.1(1.6) Armour
 + Level 6.9(6.3) Dodging
 + Level 6.9(6.3) Stealth
 + Level 2.1(1.6) Shields
 + Level 2.1(1.6) Unarmed Combat
 + Level 2.1(1.6) Spellcasting
 + Level 1.7(1.2) Conjurations
 + Level 1.7(1.2) Hexes
 + Level 1.7(1.2) Charms
 + Level 1.7(1.2) Summonings
 + Level 1.7(1.2) Necromancy
 + Level 1.7(1.2) Translocations
 + Level 1.7(1.2) Transmutations
 + Level 1.7(1.2) Fire Magic
 + Level 1.7(1.2) Ice Magic
 + Level 1.7(1.2) Air Magic
 + Level 1.7(1.2) Earth Magic
 + Level 1.7(1.2) Poison Magic
 + Level 2.3(1.8) Invocations
 + Level 2.1(1.6) Evocations


You had 5 spell levels left.
You knew the following spells:

 Your Spells              Type           Power        Failure   Level  Hunger
a - Throw Frost           Conj/Ice       #.....       14%         2    ###....
b - Searing Ray           Conj           #.......     34%         2    ###....

Your spell library contained the following spells:

 Spells                   Type           Power        Failure   Level  Hunger
 Iskenderun's Mystic Bla  Conj           #.......     56%         3    #####..
 Yara's Violent Unravell  Hex/Tmut       #.........   93%         4    ######.
 Fireball                 Conj/Fire      #.........   100%        5    #######
 Mana Rupture             Conj/Hex       #.........   100%        7    #######


Dungeon Overview and Level Annotations

Branches:
Dungeon (4/12)
 Temple: D:4-7

Altars:

Shops:
D:4 [(*(:

Annotations:
D:4 Menkaure


Innate Abilities, Weirdness & Mutations

Your experience applies equally to all skills.
You have very sharp teeth.
Your uncanny sense of smell can sniff out nearby items.


Message History

Menkaure calls on the powers of darkness!
Your body is wracked with pain!
* * * LOW HITPOINT WARNING * * *
You are very lightly contaminated with residual magic.
You hit Menkaure.
Menkaure is severely damaged.
Menkaure barely misses you.
You hit Menkaure.
Menkaure is severely damaged.
Menkaure barely misses you.
You barely miss Menkaure. You bite Menkaure, but do no damage.
Menkaure is severely damaged.
Menkaure hits you but does no damage.
You barely miss Menkaure. You bite Menkaure, but do no damage.
Menkaure is severely damaged.
Menkaure misses you.
You hit Menkaure.
Menkaure is severely damaged.
Menkaure hits you!
You die...

#.....#.####.....
##...#### #.....
##.## #.#.## #.#
#.#.# #.# #.#.##
##'## #.#..#
##...## #.##.#
##.....## #.##(#
#@.....∩# #.....
#.M.......####.....
+.........+.......#
#.........####....#
##.......## ##.#.#
##..$..## ####.#..
##...... .....##.
#+#.## #..... #.#.#
#.###.


You could see Menkaure.

Vanquished Creatures
  An ogre (D:4)
  3 orc priests
  A hound (D:4)
  2 orc wizards (D:4)
  Terence (D:2)
  A worker ant (D:4)
  A howler monkey zombie (D:4)
  An adder (D:2)
  A worm (D:3)
  A dart slug (D:1)
  6 leopard geckos
  5 orcs
  6 bats
  A giant cockroach (D:2)
  10 goblins
  7 hobgoblins
  4 jackals (D:2)
  A quokka (D:3)
  A ball python (D:3)
  2 frilled lizards
  8 kobolds
  3 rats
67 creatures vanquished.

Notes
Turn   | Place    | Note
-------+----------+-------------------------------------------
     0 | D:1      | Finalfun the Gnoll Archaeologist began the quest for the
                  | Orb.
     0 | D:1      | Reached XP level 1. HP: 17/17 MP: 1/1
   200 | D:1      | Reached XP level 2. HP: 16/23 MP: 2/2
   794 | D:1      | Reached XP level 3. HP: 28/28 MP: 3/3
  1480 | D:2      | Reached skill level 1 in Invocations
  1491 | D:2      | Noticed Terence
  1502 | D:2      | Killed Terence
  1503 | D:2      | Reached skill level 1 in Short Blades
  1503 | D:2      | Reached skill level 1 in Long Blades
  1503 | D:2      | Reached skill level 1 in Axes
  1503 | D:2      | Reached skill level 1 in Polearms
  1503 | D:2      | Reached skill level 1 in Staves
  1503 | D:2      | Reached skill level 1 in Slings
  1503 | D:2      | Reached skill level 1 in Bows
  1503 | D:2      | Reached skill level 1 in Crossbows
  1503 | D:2      | Reached skill level 1 in Throwing
  1503 | D:2      | Reached skill level 1 in Armour
  1503 | D:2      | Reached skill level 1 in Shields
  1503 | D:2      | Reached skill level 1 in Unarmed Combat
  1503 | D:2      | Reached skill level 1 in Spellcasting
  1503 | D:2      | Reached skill level 1 in Evocations
  1503 | D:2      | Reached XP level 4. HP: 34/34 MP: 5/5
  1806 | D:3      | Reached skill level 1 in Conjurations
  1806 | D:3      | Reached skill level 1 in Hexes
  1806 | D:3      | Reached skill level 1 in Charms
  1806 | D:3      | Reached skill level 1 in Summonings
  1806 | D:3      | Reached skill level 1 in Necromancy
  1806 | D:3      | Reached skill level 1 in Translocations
  1806 | D:3      | Reached skill level 1 in Transmutations
  1806 | D:3      | Reached skill level 1 in Fire Magic
  1806 | D:3      | Reached skill level 1 in Ice Magic
  1806 | D:3      | Reached skill level 1 in Air Magic
  1806 | D:3      | Reached skill level 1 in Earth Magic
  1806 | D:3      | Reached skill level 1 in Poison Magic
  2009 | D:3      | Reached XP level 5. HP: 36/40 MP: 5/7
  2009 | D:3      | Identified a scroll of acquirement
  2022 | D:3      | Identified Sif Muna's Catalogue of Hurtful Changing (You
                  | acquired it on level 3 of the Dungeon)
  2027 | D:3      | Learned a level 2 spell: Throw Frost
  2030 | D:3      | Learned a level 2 spell: Searing Ray
  2257 | D:3      | Noticed a phantom
  2426 | D:4      | Found Ecvobla's Antique Armour Shoppe.
  2427 | D:4      | Found Teicesch Syvo's Assorted Antiques.
  2452 | D:4      | Found Lolau's Antique Weapon Shoppe.
  2452 | D:4      | Found Zajar's Antique Weapon Shoppe.
  2576 | D:4      | Reached XP level 6. HP: 29/47 MP: 8/8
  2816 | D:4      | Found Iwagasiz's Book Shoppe.
  2816 | D:4      | Noticed Menkaure
  2839 | D:4      | Mangled by Menkaure

Skill      XL: |  1  2  3  4  5  6 |
---------------+-------------------+-----
Invocations    | 1 2 |  2.3
Short Blades   | 1 2 |  2.1
Long Blades    | 1 2 |  2.1
Axes           | 1 2 |  2.1
Polearms       | 1 2 |  2.1
Staves         | 1 2 |  2.1
Slings         | 1 2 |  2.1
Bows           | 1 2 |  2.1
Crossbows      | 1 2 |  2.1
Throwing       | 1 2 |  2.1
Armour         | 1 2 |  2.1
Shields        | 1 2 |  2.1
Unarmed Combat | 1 2 |  2.1
Spellcasting   | 1 2 |  2.1
Evocations     | 1 2 |  2.1
Conjurations   | 1 |  1.7
Hexes          | 1 |  1.7
Charms         | 1 |  1.7
Summonings     | 1 |  1.7
Necromancy     | 1 |  1.7
Translocations | 1 |  1.7
Transmutations | 1 |  1.7
Fire Magic     | 1 |  1.7
Ice Magic      | 1 |  1.7
Air Magic      | 1 |  1.7
Earth Magic    | 1 |  1.7
Poison Magic   | 1 |  1.7
Fighting       | 3 |  3.3
Maces & Flails | 3 |  3.3
Dodging        | |  6.9
Stealth        | |  6.9

Action                   |  1- 3 |  4- 6 || total
-------------------------+-------+-------++-------
Melee: Whip              |    69 |       ||    69
       Bite              |    14 |    16 ||    30
       Dagger            |    25 |   148 ||   173
       Punch             |       |     3 ||     3
 Cast: Throw Frost       |       |     1 ||     1
  Use: Scroll            |       |     2 ||     2
       Potion            |       |     2 ||     2
 Stab: Sleeping          |    12 |     8 ||    20
  Eat: Chunk             |     4 |     4 ||     8
       Ration            |       |     1 ||     1
Armor: Robe              |    12 |     6 ||    18
       Ring mail         |       |    32 ||    32
Dodge: Dodged            |    62 |    69 ||   131
